 Dungeon Crawl Stone Soup version 0.27-a0-1140-g099f9bb0e8 (webtiles) character file.

Game seed: 883651167442596233

112 Morbidden the Skirmisher (level 4, 35/35 HPs)
             Began as a Demonspawn Fighter on May 10, 2021.
             Quit the game on level 2 of the Dungeon.
             The game lasted 00:02:05 (2768 turns).

Morbidden the Skirmisher (Demonspawn Fighter)       Turns: 2768, Time: 00:02:06

Health: 35/35      AC: 11    Str: 17    XL:     4   Next: 64%
Magic:  4/4        EV:  7    Int: 10    God:
Gold:   50         SH:  9    Dex: 12    Spells: 3/3 levels left

rFire    . . .     SeeInvis .   a - +0 long sword
rCold    . . .     Faith    .   c - +0 kite shield
rNeg     . . .     Spirit   .   b - +0 scale mail
rPois    .         Reflect  .   j - +1 helmet
rElec    .         Harm     .   (no cloak)
rCorr    .         Rampage  .   (no gloves)
Will     .....                  (no boots)
Stlth    ..........             (no amulet)
HPRegen  0.11/turn              (no ring)
MPRegen  0.09/turn              (no ring)

@: no status effects
A: slimy green scales 1, powered by death 1
a: no special abilities


You were on level 2 of the Dungeon.
You visited 1 branch of the dungeon, and saw 2 of its levels.

You collected 50 gold pieces.

Inventory:

Hand Weapons
 a - a +0 long sword (weapon)
Armour
 b - a +0 scale mail (worn)
 c - a +0 kite shield (worn)
 j - a +1 helmet (worn)
 l - a +0 cloak
Jewellery
 f - a ring of fire
Scrolls
 e - 2 scrolls of identify {unknown}
 g - 5 scrolls of teleportation {unknown}
 h - a scroll of blinking {unknown}
 i - a scroll of noise {unknown}
 k - a scroll of fog {unknown}
Potions
 d - a potion of might


   Skills:
 * Level 3.5 Fighting
 * Level 2.9 Long Blades
 + Level 3.2 Armour
 * Level 1.2 Dodging
 + Level 3.0 Shields


You had 3 spell levels left.
You didn't know any spells.
Your spell library was empty.

Dungeon Overview and Level Annotations

Branches:
Dungeon (2/15)

Altars:

Shops:
D:1 =


Innate Abilities, Weirdness & Mutations

You are partially covered in slimy green scales. (AC +2)
You regenerate a little health from kills.


Message History

An adder is nearby!
An adder is nearby!
An adder is nearby!
An adder is nearby!
You closely miss the adder. You block the adder's attack. x2
You hit the adder.
The adder is heavily wounded.
The adder bites you but does no damage. You block the adder's attack.
You slash the adder!
You kill the adder!
No target in view!
No target in view!
No target in view!
No target in view!
No target in view!
No target in view!
No target in view!
No target in view!
No target in view!
No target in view!
No target in view!
No target in view!
No target in view!
No target in view!
No target in view!
No target in view!
No target in view!
No target in view!
No target in view!
No target in view!
Done exploring.
Done exploring.
Done exploring.
Done exploring.
Search for what [? for help]? cloa
There is an open door here.
You see here a +0 cloak.
l - a +0 cloak
Okay, then.
Are you sure you want to abandon this character and quit the game? (Confirm with "yes".)

######### #.).).... ### #.#######
..#######################.)......
................@................
########.###...............######
......##.# #.##########.#..######
#####.##.# #.#........#..........
#####.##.###.###.####.#....######
.................................
#####.##.#######'######..........
#.##.................#.######
#.#######.....######.#.#


There were no monsters in sight!

Vanquished Creatures
  Robin (D:2)
  4 adders (D:2)
  4 bats (D:2)
  4 endoplasms
  3 giant cockroaches
  20 goblins
  2 hobgoblins
  10 jackals
  A quokka (D:2)
  2 ball pythons
  A frilled lizard (D:2)
  2 kobolds (D:2)
  3 rats
57 creatures vanquished.

Notes
Turn   | Place    | Note
-------+----------+-------------------------------------------
     0 | D:1      | Morbidden the Demonspawn Fighter began the quest for the
                  | Orb.
     0 | D:1      | Reached XP level 1. HP: 18/18 MP: 1/1
   462 | D:1      | Gained mutation: You are partially covered in slimy green
                  | scales. (AC +2) [demonic ancestry]
   462 | D:1      | Reached XP level 2. HP: 24/24 MP: 2/2
   597 | D:1      | Found a faded altar of an unknown god.
   978 | D:1      | Found Maew's Jewellery Shop.
  1200 | D:2      | Reached XP level 3. HP: 10/29 MP: 3/3
  1755 | D:2      | Noticed Robin
  1780 | D:2      | Killed Robin
  1781 | D:2      | Reached skill level 1 in Dodging
  1852 | D:2      | HP: 1/29 [goblin/+0 dagger[Robin] (1)]
  2280 | D:2      | Gained mutation: You regenerate a little health from kills.
                  | [demonic ancestry]
  2280 | D:2      | Reached XP level 4. HP: 10/35 MP: 4/4
  2768 | D:2      | Quit the game

Illustrated notes

Levels and vault maps discovered:
D:1:      dpeg_arrival_more_subterranean_lakeside_camping, layout_loops_corners,
          shapermc_ecumenical_altar_mp_vishouse, serial_shops,
          nicolae_shop_waterfront, grunt_decor_fettered,
          chequers_serial_rivers_small_3
D:2:      layout_basic, uniq_robin

Skill      XL: |  1  2  3  4 |
---------------+-------------+-----
Long Blades    | 2 |  2.9
Armour         | 3 |  3.2
Dodging        | 1 |  1.2
Shields        | 3 |  3.0
Fighting       | |  3.5

Action                   |  1- 3 |  4- 6 || total
-------------------------+-------+-------++-------
Melee: Long sword        |   131 |    61 ||   192
Armor: Scale mail        |    90 |    30 ||   120
Dodge: Dodged            |    53 |    26 ||    79
Block: Kite shield       |    69 |    37 ||   106
       Rpst.: Long sword |    16 |     8 ||    24

Table legend: (Time is in decaauts)
 A = Elapsed time spent in this place.
 B = Non-inter-level travel time spent in this place.
 C = Inter-level travel time spent in this place.
 D = Time resting spent in this place.
 E = Time spent auto-exploring this place.
 F = Levels seen in this place.
 G = Mean time per level.
                   A        B        C        D        E       F      G
               +--------+--------+--------+--------+--------+-----+--------+
         Total |   2872 |   2797 |     75 |      0 |   2291 |   2 | 1436.0 |
       Dungeon |   2872 |   2797 |     75 |      0 |   2291 |   2 | 1436.0 |
               +--------+--------+--------+--------+--------+-----+--------+

Top non-repeatable levels by time:
     D:2: 1740 daAuts
     D:1: 1132 daAuts
